 Dungeon Crawl Stone Soup version 0.30-a0-605-gb2882149bf (webtiles) character file.

Game seed: 12273618527196036605

7279 themarg the Martial Artist (level 11, -9/99 HPs)
             Began as a Gnoll Transmuter on Jan 8, 2023.
             Was a Priest of Nemelex Xobeh.
             Mangled by a two-headed ogre
             ... wielding a +0 glaive
              (22 damage)
             ... in a bailey.
             The game lasted 00:24:05 (9914 turns).

themarg the Martial Artist (Gnoll Transmuter)       Turns: 9914, Time: 00:24:05

Health: -9/99      AC: 12    Str: 10    XL:     11   Next: 12%
Magic:  0/23       EV: 14    Int: 16    God:    Nemelex Xobeh [***...]
Gold:   662        SH:  0    Dex: 19    Spells: 16/26 levels left

rFire   x . .      SeeInvis .      - Unarmed
rCold   + + +      Faith    .    (shield currently unavailable)
rNeg    . . .      Spirit   +    (body armour currently unavailable)
rPois   +          Reflect  .    (helmet currently unavailable)
rElec   .          Harm     .    (cloak currently unavailable)
rCorr   .          Rampage  .    (gloves currently unavailable)
Will    .....                    (boots currently unavailable)
Stlth   +++                      a - amulet of guardian spirit
HPRegen 0.36/turn                i - +4 ring of protection
MPRegen 0.18/turn                w - +6 ring of dexterity

@: brilliant, ice-form
A: freezing attack, amphibious, boosted hp, large, (fangs 1), strong nose,
distributed training
a: End Transformation, Renounce Religion, Draw Escape, Draw Destruction, Draw
Summoning, Triple Draw


You were in a bailey.
You worshipped Nemelex Xobeh.
Nemelex Xobeh was most pleased with you.
You were a creature of crystalline ice.
You visited 1 branch of the dungeon, and saw 10 of its levels.
You also visited: Bailey.

You collected 662 gold pieces.

Inventory:

Missiles
 f - 116 stones
 g - 2 curare-tipped darts
 k - 2 boomerangs
 r - 21 poisoned darts
 x - a throwing net
 y - 2 javelins
Armour
 h - a +0 pair of boots (melded)
 j - a +2 hat
 v - a +0 cloak (melded)
 I - +0 acid dragon scales (melded)
Jewellery
 a - an amulet of guardian spirit (around neck)
 c - a ring of positive energy
 i - a +4 ring of protection (left front paw)
 n - a ring of flight
 w - a +6 ring of dexterity (right front paw)
Wands
 u - a wand of flame (21)
 D - a wand of mindburst (8)
 H - a wand of paralysis (4)
Scrolls
 d - a scroll of vulnerability {unknown}
 e - 3 scrolls of teleportation
 m - a scroll of fog {unknown}
 t - a scroll of magic mapping {unknown}
 E - 3 scrolls of fear {unknown}
 F - a scroll of enchant weapon {unknown}
 G - a scroll of enchant armour {unknown}
 K - a scroll of acquirement {unknown}
Potions
 b - a potion of lignification
 l - a potion of flight
 o - a potion of resistance
 p - a potion of brilliance
 q - 4 potions of attraction
 s - a potion of berserk rage {unknown}
 z - 2 potions of ambrosia
 A - 3 potions of mutation
 B - 3 potions of haste
 C - a potion of degeneration {unknown}
 J - a potion of cancellation {unknown}
 L - a potion of might


   Skills:
 + Level 6.8 Fighting
 + Level 6.2 Short Blades
 + Level 6.2 Long Blades
 + Level 6.2 Axes
 + Level 6.2 Maces & Flails
 + Level 6.2 Polearms
 + Level 6.2 Staves
 + Level 6.2 Ranged Weapons
 + Level 6.2 Throwing
 + Level 6.2 Armour
 + Level 7.8 Dodging
 + Level 6.2 Stealth
 + Level 6.2 Shields
 + Level 9.1 Unarmed Combat
 + Level 8.1 Spellcasting
 + Level 5.1 Conjurations
 + Level 5.1 Hexes
 + Level 5.1 Summonings
 + Level 5.1 Necromancy
 + Level 5.1 Translocations
 + Level 6.5 Transmutations
 + Level 5.1 Fire Magic
 + Level 5.1 Ice Magic
 + Level 5.1 Air Magic
 + Level 5.1 Earth Magic
 + Level 5.1 Poison Magic
 + Level 6.8 Invocations
 + Level 6.2 Evocations


You had 16 spell levels left.
You knew the following spells:

 Your Spells              Type           Power      Damage    Failure   Level
a - Beastly Appendage     Tmut           80%        N/A       1%          1
b - Wereblood             Tmut           40%        N/A       1%          2
c - Spider Form           Tmut/Pois      37%        N/A       3%          3
d - Ice Form              Ice/Tmut       37%        N/A       10%         4

Your spell library contained the following spells:

 Spells                   Type           Power      Damage    Failure   Level
 Kiss of Death            Conj/Necr      100%       2d13      1%          1
 Confusing Touch          Hex            34%        N/A       4%          3
 Gell's Gravitas          Tloc           34%        N/A       4%          3
 Lesser Beckoning         Tloc           68%        N/A       4%          3
 Teleport Other           Tloc           34%        N/A       4%          3
 Tukima's Dance           Hex            34%        N/A       4%          3
 Dispel Undead            Necr           34%        3d15      13%         4
 Passage of Golubria      Tloc           34%        N/A       13%         4
 Yara's Violent Unravell  Hex/Tmut       18%        3d9       28%         5
 Dispersal                Tloc           17%        N/A       90%         6


Dungeon Overview and Level Annotations

Branches:
Dungeon (10/15)            Temple (0/1) D:4             Orc (0/2) D:10
 Bailey (1/1)
   Lair: D:8-11

Altars:
Cheibriados
Hepliaklqana
Kikubaaqudgha
Nemelex Xobeh
Okawaru
Qazlal
Sif Muna
Trog
Uskayaw
Xom
The Shining One

Annotations:
D:3 2 transporters, pokeman's ghost, weakling DEHW
D:9 1 transporter


Innate Abilities, Weirdness & Mutations

You are a creature of crystalline ice.
You have a powerful freezing melee attack.
You are amphibious.
Your maximum health is increased.
Your armour is entirely melded.
You are incapable of wielding weapons or throwing items.
((You have very sharp teeth.))
Your uncanny sense of smell can sniff out nearby items.
Your experience applies equally to all skills.


Message History

The spriggan hits you with a +0 trident.
You pummel the spriggan!! You freeze the spriggan!
You kill the spriggan!
The two-headed ogre hits you from afar with a +0 glaive!
The two-headed ogre hits you from afar with a +0 halberd!!
You extend your transformation's duration.
The two-headed ogre hits you from afar with a +0 glaive!!
The two-headed ogre hits you from afar with a +0 halberd!!
* * * LOW HITPOINT WARNING * * *
You draw... (choose one card, ? for their descriptions)
a - the Elixir b - Velocity
c - the Elixir You have drawn the Elixir.
You begin rapidly regenerating health and magic.
You can no longer deal four cards at a time.
Aiming: Mindburst
Press: ? - help, Shift-Dir - straight line, f - two-headed ogre
Aim: a two-headed ogre, wielding a +0 glaive and a +0 halberd (chance to affect: 71%)
The two-headed ogre's minds are blasted!!!
The two-headed ogre hits you from afar with a +0 glaive!
The two-headed ogre hits you from afar with a +0 halberd!
* * * LOW HITPOINT WARNING * * *
Aiming: Mindburst
Press: ? - help, Shift-Dir - straight line, f/p - two-headed ogre
Aim: a two-headed ogre, wielding a +0 glaive and a +0 halberd (severely wounded, chance to affect: 71%)
The two-headed ogre struggles to resist.
The two-headed ogre hits you from afar with a +0 glaive.
* * * LOW HITPOINT WARNING * * *
The two-headed ogre hits you from afar with a +0 halberd!
* * * LOW HITPOINT WARNING * * *
It was a potion of brilliance.
You feel clever all of a sudden.
You enter the shallow water.
The two-headed ogre barely misses you. The two-headed ogre closely misses you.
You hit the two-headed ogre. You freeze the two-headed ogre.
The two-headed ogre is severely wounded.
The two-headed ogre hits you with a +0 glaive!!
You die...
Your body glows with a rainbow of weird colours and disappears.

# ##.## #.. ### .## ##...##
#..♣# ..♣ ..## #.....#
##..##. ..♣♣..##
##.....###..#♣.. ♣#♣♣..#...#
#...∩..~~~..#..♣♣...♣♣.#...#
#......~~~..#.O#..≈..♣†♣~..#
#....).~~~..#..Y.≈≈≈.♣.~~..#
#....).~~~..♣..♣.)≈?.♣.#~..#
#...∩..~~~..#..♣♣.?.♣♣.#...#
##.....###..##..♣#♣♣♣.)#...#
#.....# ##..#♣.......#♣..##
##...## ##..#♣.....##).##
##.## ##..♣###♣##..## ###
##....).)..## ##.......##


You could see a two-headed ogre.

Vanquished Creatures
  Erica (D:9)
  Joseph (D:9)
  A troll (D:9)
  A hornet (D:7)
  3 shadows (D:9)
  3 spriggans (Bailey)
  A steam dragon (D:4)
  2 humans (D:9)
  Menkaure (D:5)
  2 acid dragons
  2 water moccasins
  2 orc warriors
  2 ice beasts (D:8)
  A sky beast (D:7)
  6 ogres
  2 centaurs
  2 phantoms (D:6)
  5 kobold brigands
  2 bullfrogs
  5 scorpions
  12 wights
  4 howler monkeys
  4 hounds
  12 orc priests
  A gnoll bouda (D:4)
  4 iguanas
  14 orc wizards
  14 gnolls
  4 adders
  2 white imps
  A worm (D:3)
  4 dart slugs
  36 orcs
  4 bats
  8 endoplasms
  5 giant cockroaches
  12 goblins
  4 hobgoblins
  4 jackals (D:5)
  3 quokkas
  8 ball pythons
  33 kobolds
  11 rats
249 creatures vanquished.

Vanquished Creatures (others)
  6 fungi (D:6)
6 creatures vanquished.

Grand Total: 255 creatures vanquished

Notes
Turn   | Place    | Note
-------+----------+-------------------------------------------
     0 | D:1      | themarg the Gnoll Transmuter began the quest for the Orb.
     0 | D:1      | Reached XP level 1. HP: 17/17 MP: 6/6
   125 | D:1      | Reached XP level 2. HP: 23/23 MP: 5/7
   956 | D:1      | Reached skill level 5 in Spellcasting
   956 | D:1      | Reached XP level 3. HP: 28/28 MP: 6/9
   959 | D:1      | Learned a level 2 spell: Wereblood
   963 | D:1      | Learned a level 3 spell: Spider Form
  1007 | D:1      | Found a faded altar of an unknown god.
  1062 | D:2      | Reached skill level 1 in Invocations
  1065 | D:2      | Reached skill level 1 in Short Blades
  1065 | D:2      | Reached skill level 1 in Long Blades
  1065 | D:2      | Reached skill level 1 in Axes
  1065 | D:2      | Reached skill level 1 in Maces & Flails
  1065 | D:2      | Reached skill level 1 in Polearms
  1065 | D:2      | Reached skill level 1 in Staves
  1065 | D:2      | Reached skill level 1 in Ranged Weapons
  1065 | D:2      | Reached skill level 1 in Throwing
  1065 | D:2      | Reached skill level 1 in Armour
  1065 | D:2      | Reached skill level 1 in Stealth
  1065 | D:2      | Reached skill level 1 in Shields
  1065 | D:2      | Reached skill level 1 in Evocations
  1159 | D:2      | Reached XP level 4. HP: 30/34 MP: 9/11
  1419 | D:2      | Reached skill level 1 in Conjurations
  1419 | D:2      | Reached skill level 1 in Hexes
  1419 | D:2      | Reached skill level 1 in Summonings
  1419 | D:2      | Reached skill level 1 in Necromancy
  1419 | D:2      | Reached skill level 1 in Translocations
  1419 | D:2      | Reached skill level 1 in Fire Magic
  1419 | D:2      | Reached skill level 1 in Ice Magic
  1419 | D:2      | Reached skill level 1 in Air Magic
  1419 | D:2      | Reached skill level 1 in Earth Magic
  1419 | D:2      | Reached skill level 1 in Poison Magic
  1754 | D:2      | Found a sparkling altar of Nemelex Xobeh.
  1782 | D:2      | Became a worshipper of Nemelex Xobeh the Trickster
  1961 | D:3      | Noticed a moth of wrath
  2166 | D:3      | Found a transporter.
  2169 | D:3      | Noticed pokeman's ghost (weakling DEHW)
  2173 | D:3      | Found a transporter.
  2174 | D:3      | Noticed an ogre
  2175 | D:3      | Noticed an ogre
  2351 | D:3      | Found an ancient bone altar of Kikubaaqudgha.
  2351 | D:3      | Found a shimmering blue altar of Sif Muna.
  2527 | D:3      | Reached XP level 5. HP: 40/40 MP: 8/12
  2593 | D:3      | Reached * piety under Nemelex Xobeh
  2720 | D:3      | Found a bloodstained altar of Trog.
  3011 | D:4      | Received a gift from Nemelex Xobeh
  3252 | D:4      | Noticed a steam dragon
  3262 | D:4      | Killed a steam dragon
  3263 | D:4      | Reached skill level 5 in Dodging
  3263 | D:4      | Reached XP level 6. HP: 24/47 MP: 12/14
  3329 | D:4      | Found a staircase to the Ecumenical Temple.
  3581 | D:4      | Received a gift from Nemelex Xobeh
  3787 | D:4      | Found a glowing golden altar of the Shining One.
  3818 | D:4      | Reached XP level 7. HP: 52/52 MP: 11/15
  3896 | D:4      | Reached ** piety under Nemelex Xobeh
  4229 | D:5      | Entered Level 5 of the Dungeon
  4240 | D:5      | Reached skill level 7 in Unarmed Combat
  4510 | D:5      | Noticed Menkaure
  4515 | D:5      | Killed Menkaure
  4516 | D:5      | Reached XP level 8. HP: 39/60 MP: 12/16
  5267 | D:6      | Found a shimmering blue altar of Sif Muna.
  5269 | D:6      | Found a radiant altar of Vehumet.
  5269 | D:6      | Found a stormy altar of Qazlal.
  5749 | D:6      | Reached skill level 5 in Transmutations
  5939 | D:6      | Reached XP level 9. HP: 65/66 MP: 14/18
  5998 | D:6      | Reached skill level 5 in Fighting
  6114 | D:6      | Found a hide-covered altar of Uskayaw.
  6114 | D:6      | Found a shimmering altar of Xom.
  6114 | D:6      | Found a hazy altar of Hepliaklqana.
  6201 | D:6      | Learned a level 4 spell: Ice Form
  6208 | D:7      | Received a gift from Nemelex Xobeh
  6395 | D:7      | Reached skill level 8 in Unarmed Combat
  6514 | D:7      | Reached skill level 5 in Invocations
  6523 | D:7      | HP: 3/63 [wight/+2 spear (1)]
  6864 | D:7      | Noticed a hornet
  6873 | D:7      | Killed a hornet
  7200 | D:7      | Reached *** piety under Nemelex Xobeh
  7285 | D:8      | Reached skill level 5 in Short Blades
  7285 | D:8      | Reached skill level 5 in Long Blades
  7285 | D:8      | Reached skill level 5 in Axes
  7285 | D:8      | Reached skill level 5 in Maces & Flails
  7285 | D:8      | Reached skill level 5 in Polearms
  7285 | D:8      | Reached skill level 5 in Staves
  7285 | D:8      | Reached skill level 5 in Ranged Weapons
  7285 | D:8      | Reached skill level 5 in Throwing
  7285 | D:8      | Reached skill level 5 in Armour
  7285 | D:8      | Reached skill level 5 in Stealth
  7285 | D:8      | Reached skill level 5 in Shields
  7285 | D:8      | Reached skill level 5 in Evocations
  7285 | D:8      | Reached XP level 10. HP: 76/76 MP: 15/20
  7420 | D:8      | Received a gift from Nemelex Xobeh
  7999 | D:8      | Found a snail-covered altar of Cheibriados.
  8612 | D:9      | Found a transporter.
  8736 | D:9      | Noticed Joseph
  8755 | D:9      | Killed Joseph
  9223 | D:9      | Received a gift from Nemelex Xobeh
  9235 | D:9      | Noticed Erica
  9249 | D:9      | Killed Erica
  9351 | D:9      | Reached **** piety under Nemelex Xobeh
  9358 | D:9      | Found the +7 sceptre of Torment {pain, torment}
  9384 | D:9      | Found an iron altar of Okawaru.
  9465 | D:10     | Entered Level 10 of the Dungeon
  9531 | D:10     | Found a staircase to the Orcish Mines.
  9577 | D:10     | Received a gift from Nemelex Xobeh
  9622 | D:10     | Reached skill level 9 in Unarmed Combat
  9631 | D:10     | Found a flagged portal.
  9661 | Bailey   | Entered a bailey
  9681 | Bailey   | Reached skill level 5 in Conjurations
  9681 | Bailey   | Reached skill level 5 in Hexes
  9681 | Bailey   | Reached skill level 5 in Summonings
  9681 | Bailey   | Reached skill level 5 in Necromancy
  9681 | Bailey   | Reached skill level 5 in Translocations
  9681 | Bailey   | Reached skill level 5 in Fire Magic
  9681 | Bailey   | Reached skill level 5 in Ice Magic
  9681 | Bailey   | Reached skill level 5 in Air Magic
  9681 | Bailey   | Reached skill level 5 in Earth Magic
  9681 | Bailey   | Reached skill level 5 in Poison Magic
  9681 | Bailey   | Reached XP level 11. HP: 79/83 MP: 11/22
  9904 | Bailey   | Noticed a two-headed ogre
  9914 | Bailey   | Mangled by a two-headed ogre

Illustrated notes

Levels and vault maps discovered:
D:1:      dpeg_arrival_concentric_ovals, layout_basic,
          shapermc_ecumenical_altar_acropolis
D:2:      layout_basic, basic_altar, nicolae_figureground_sparkle
D:3:      layout_loops_cross, tgw_trog, gammafunk_temple_overflow_elements,
          gammafunk_ghost_smash
D:4:      layout_loops_corners, general_overflow_altar,
          minmay_temple_entry_antechambers
D:5:      layout_loops_ring, uniq_menkaure
D:6:      layout_basic, doesnt_xom_only_xom, serial_aquarium,
          aquarium_bridge_square [aquarium_subvault_wall,
          aquarium_subvault_bridge, aquarium_subvault_wall,
          aquarium_subvault_wall], aquarium_window_3, aquarium_window_1,
          aquarium_view_2e
D:7:      layout_loops_cross, hangedman_abyss_or_decor_lesser_grid,
          reono_crystal_passage
D:8:      layout_basic, cheibriados_altar_1, minmay_misc_feat_doors
D:9:      layout_cave_pools, okawaru_humans, minivault_21, hex_medium,
          kennysheep_small_spiral, nicolae_diode_basic, uniq_erica, uniq_joseph
D:10:     layout_roguey, nicolae_gozag_seed_capital,
          fedhas_bush_and_centaur_altar, enter_bailey_3, kennysheep_dice
Bailey:   bailey_polearm_enchanted_keep_hellmonk, bailey

Skill      XL: |  1  2  3  4  5  6  7  8  9 10 11 |
---------------+----------------------------------+-----
Spellcasting   | 5 6 7 8 |  8.1
Invocations    | 1 2 3 4 5 6 |  6.8
Short Blades   | 1 2 3 5 6 |  6.2
Long Blades    | 1 2 3 5 6 |  6.2
Axes           | 1 2 3 5 6 |  6.2
Maces & Flails | 1 2 3 5 6 |  6.2
Polearms       | 1 2 3 5 6 |  6.2
Staves         | 1 2 3 5 6 |  6.2
Ranged Weapons | 1 2 3 5 6 |  6.2
Throwing       | 1 2 3 5 6 |  6.2
Armour         | 1 2 3 5 6 |  6.2
Stealth        | 1 2 3 5 6 |  6.2
Shields        | 1 2 3 5 6 |  6.2
Evocations     | 1 2 3 5 6 |  6.2
Conjurations   | 1 2 3 4 5 |  5.1
Hexes          | 1 2 3 4 5 |  5.1
Summonings     | 1 2 3 4 5 |  5.1
Necromancy     | 1 2 3 4 5 |  5.1
Translocations | 1 2 3 4 5 |  5.1
Fire Magic     | 1 2 3 4 5 |  5.1
Ice Magic      | 1 2 3 4 5 |  5.1
Air Magic      | 1 2 3 4 5 |  5.1
Earth Magic    | 1 2 3 4 5 |  5.1
Poison Magic   | 1 2 3 4 5 |  5.1
Fighting       | 3 4 5 6 |  6.8
Transmutations | 4 5 6 |  6.5
Dodging        | 5 6 7 |  7.8
Unarmed Combat | 7 8 9 |  9.1

Action                   |  1- 3 |  4- 6 |  7- 9 | 10-12 || total
-------------------------+-------+-------+-------+-------++-------
Melee: Unarmed           |    55 |   116 |   314 |   217 ||   702
       Headbutt          |     3 |     2 |       |       ||     5
       Kick              |     7 |     2 |       |       ||     9
       Bite              |     1 |       |       |       ||     1
 Cast: Beastly Appendage |    23 |     3 |       |       ||    26
       Spider Form       |     1 |    32 |    41 |     8 ||    82
       Wereblood         |       |     2 |    10 |     4 ||    16
       Ice Form          |       |       |     1 |    14 ||    15
Invok: Draw Destruction  |       |       |       |     2 ||     2
       Triple Draw       |       |       |       |     1 ||     1
Evoke: Wand              |       |       |     4 |     2 ||     6
  Use: Scroll            |       |     5 |     3 |     3 ||    11
       Potion            |       |       |     2 |     1 ||     3
 Stab: Sleeping          |       |     4 |     5 |     1 ||    10
       Distracted        |       |       |     1 |       ||     1
Armor: Robe              |     5 |     7 |     3 |       ||    15
       Skin              |     1 |     3 |    20 |    54 ||    78
       Acid dragon scale |       |       |       |     1 ||     1
Dodge: Dodged            |    29 |    95 |   255 |   155 ||   534

Table legend: (Time is in decaauts)
 A = Elapsed time spent in this place.
 B = Non-inter-level travel time spent in this place.
 C = Inter-level travel time spent in this place.
 D = Time resting spent in this place.
 E = Time spent auto-exploring this place.
 F = Levels seen in this place.
 G = Mean time per level.
                   A        B        C        D        E       F      G
               +--------+--------+--------+--------+--------+-----+--------+
         Total |   9817 |   9494 |    323 |    563 |   6975 |  11 |  892.5 |
       Dungeon |   9567 |   9244 |    323 |    431 |   6975 |  10 |  956.7 |
        Bailey |    249 |    249 |      0 |    132 |      0 |   1 |  249.0 |
               +--------+--------+--------+--------+--------+-----+--------+

Top non-repeatable levels by time:
     D:8: 1322 daAuts
     D:4: 1266 daAuts
     D:6: 1140 daAuts
     D:3: 1129 daAuts
     D:7: 1052 daAuts
     D:1: 1051 daAuts
     D:9: 841 daAuts
     D:5: 812 daAuts
     D:2: 758 daAuts
  Bailey: 249 daAuts
    D:10: 193 daAuts
